Match 46369477
Unlisted

Match 46369477
End
Construct Infanterie Kompanie
Kettenkrad Recon Vehicle
Grenadier Squad
MG 42 Machine Gun Team
GrW 34 Mortar Team
Grenadier Squad
Construct Panzergrenadier Kompanie
251 Medium Carrier
Pak 40 Anti-tank Gun Team
Panzergrenadier Squad
Support Elements
Nebelwerfer 42 Rocket Launcher Team
Nebelwerfer 42 Rocket Launcher Team
251 Medium Carrier
Skittles13
CorpoBear
GOOD
SirHilaryManfat
SAM
potatoo
0
0

Comments sign in to comment!

No comments posted yet!